 Dungeon Crawl Stone Soup version 0.10.0-32-gfa280cc character file.

125877 Jyazen the Warrior (level 17, -2/163 (164) HPs)
             Began as a Naga Gladiator on Mar 18, 2012.
             Was a Priest of Cheibriados.
             Slain by a Pit Fiend (4 damage)
             ... in The Abyss on Mar 19, 2012.
             The game lasted 05:35:27 (38641 turns).

Jyazen the Warrior (Naga Gladiator)                Turns: 38641, Time: 05:35:27

HP  -2/163 (164) AC 41     Str 31      XL: 17   Next: 14%
MP  13/27        EV  0     Int 18      God: Cheibriados [***...]
Gold 559         SH 39     Dex 20      Spells:  0 memorised, 23 levels left

Res.Fire  : . . .   See Invis. : +   s - +2,+5 demon blade (elec)
Res.Cold  : + + +   Warding    : . . k - +8 crystal plate armour {rC+}
Life Prot.: + . .   Conserve   : .   V - -1 large shield
Res.Acid. : . . .   Res.Corr.  : .   n - +0 helmet
Res.Poison: +       Clarity    : .   H - +0 dwarf cloak
Res.Elec. : .       Spirit.Shd : .   D - +2 pair of gloves {rC+}
Sust.Abil.: . .     Stasis     : .   l - +0 naga barding
Res.Mut.  : .       Ctrl.Telep.: x   F - amulet of the gourmand
Res.Rott. : .       Levitation : .   C - ring of protection from cold
Gourmand  : +       Ctrl.Flight: .   v - ring of life protection

@: studying Fighting, very slow, quite resistant to hostile enchantments,
extremely unstealthy
A: spit poison, constrict 1, see invisible, deformed body, -10% mp, poison
resistance, screaming 1, slowness 2
a: Spit Poison, Bend Time, Temporal Distortion, Renounce Religion


You were in the Abyss.
You worshipped Cheibriados.
Cheibriados was greatly pleased with you.
You were very full.

You visited 8 branches of the dungeon, and saw 36 of its levels.
You visited the Abyss 1 time.
You visited 1 bazaar.
You visited 3 portal chambers: ossuary, bailey, ice cave.

You collected 3573 gold pieces.
You spent 3034 gold pieces at shops.


Innate Abilities, Weirdness & Mutations

You cannot wear boots.
You can spit poison.
You can use your snake-like lower body to constrict enemies.
Your serpentine skin is tough (AC +5).
You have supernaturally acute eyesight.
Armour fits poorly on your strangely shaped body.
Your system is resistant to poisons.
You cover ground very slowly.
Your magical capacity is low (-10% MP).
You occasionally shout uncontrollably.


   Skills:
 * Level 15.4 Fighting
 * Level 8.6 Short Blades
 * Level 2.2 Long Blades
 - Level 8.5 Maces & Flails
 - Level 6.8 Polearms
 - Level 1.7 Throwing
 * Level 11.9 Armour
 - Level 1.5 Dodging
 + Level 15.2 Stealth
 - Level 8.7 Stabbing
 * Level 9.4 Shields
 + Level 8.6 Traps & Doors
 - Level 3.0 Unarmed Combat
 - Level 3.6 Spellcasting
 - Level 11.4 Invocations
 - Level 3.6 Evocations


You had 23 spell levels left.
You didn't know any spells.

Inventory:

Hand weapons
 p - a +4,+4 demon whip of flaming
 s - a +2,+5 demon blade of electrocution (weapon)
 t - a +1,-1 short sword of distortion {Sonja}
 y - the +6,+1 trident "Phe Pem" {flame, rC+}
   (You found it on level 10 of the Dungeon)

   It emits flame when wielded, causing extra injury to most foes and up to
   double damage against particularly susceptible opponents.
   It protects you from cold.
 M - a +3,+1 longbow of flame
Missiles
 Q - 27 poisoned +0 arrows
Armour
 k - a +8 crystal plate armour of cold resistance (worn)
 l - a +0 naga barding (worn)
 n - a +0 helmet (worn)
 D - a +2 pair of gloves of cold resistance (worn)
 H - a +0 dwarven cloak (worn)
 N - the +2 helmet "Carhuopt" {Acc-2}
   (You bought it in a shop on level 15 of the Dungeon)

   It affects your accuracy (-2).
 P - the cursed +7 crystal plate armour of Trog's Hope {rC+ Int+3}
   (You bought it in a shop on level 15 of the Dungeon)

   It affects your intelligence (+3).
   It protects you from cold.
   It has a curse placed upon it.
 V - a -1 large shield (worn)
Magical devices
 b - a wand of confusion (14)
 w - a wand of polymorph other (11) {unknown}
 x - a wand of slowing (5) {unknown}
 J - a wand of paralysis (7)
 R - a wand of disintegration (7)
 S - a wand of teleportation (7) {unknown}
 Z - a wand of fireball (4) {unknown}
Comestibles
 f - 20 bread rations
 i - a royal jelly
 o - 12 honeycombs
 B - a choko
 T - 3 meat rations
 W - 4 sultanas
Scrolls
 g - 2 scrolls of remove curse
 h - 3 scrolls of recharging
 m - 2 scrolls of identify
 L - a scroll of detect curse
 U - 2 scrolls of blinking
Jewellery
 c - an uncursed ring of levitation
 j - an uncursed ring of fire
 r - an uncursed ring of wizardry
 v - a ring of life protection (left hand)
 z - an uncursed amulet of conservation {unknown}
 C - a ring of protection from cold (right hand)
 F - an amulet of the gourmand (around neck)
Potions
 a - 2 potions of resistance
 e - 2 potions of invisibility
 u - 2 potions of agility {unknown}
 E - 2 potions of magic
 G - 3 potions of curing
 O - 2 potions of might
 X - a potion of restore abilities
Books
 I - a manual of Fighting (studied) You are currently studying this manual.
 Y - a Necronomicon {highlevel}

   This book is beyond your current level of understanding.

   Spells                             Type                      Level
   Borgnjor's Revivification          Necromancy                   7
   Haunt                              Necromancy/Summoning         7
   Death's Door                       Charms/Necromancy            8
   Necromutation                      Transmutation/Necromancy     8
Magical staves
 d - a staff of enchantment {unknown}
 K - a staff of wizardry {unknown}

▒ · ·≈≈▒ ····
▒··· ··▒··
▒··· ·····≈
▒≈·▒▒▒·····≈·
▒···≈≈·····≈·
▒··##≈·····▒
▒····≈·J···▒
▒··N1Z≈▒
▒···▒·≈≈···≈··
▒···▒·≈···#≈·
▒··▒▒······▒·
▒·▒ ▒▒·····▒
▒· ·····▒ ▒·
··▒·· ▒· ··▒▒
▒


You could see a Pit Fiend, a slime creature and a minotaur zombie.


Message History

The Pit Fiend calls on the powers of darkness!
Your body is wracked with pain!
* * * LOW HITPOINT WARNING * * *
The Pit Fiend hits you but does no damage.
You block the Pit Fiend's attack.
The Pit Fiend hits you but does no damage.
You block the minotaur zombie's attack.
The minotaur zombie gores you but does no damage.
The slime creature quivers.
The Pit Fiend calls on the powers of darkness!
The slime creature convulses!
Your body is wracked with pain!
* * * LOW HITPOINT WARNING * * *
The Pit Fiend calls on the powers of darkness!
The slime creature convulses!
Your body is wracked with pain!
* * * LOW HITPOINT WARNING * * *
You block the minotaur zombie's attack.
The minotaur zombie gores you but does no damage.
Drink which item? (? for menu, Esc to quit)
You feel better. You block the minotaur zombie's attack.
The minotaur zombie gores you but does no damage.
The Pit Fiend hits you but does no damage.
The Pit Fiend hits you!
* * * LOW HITPOINT WARNING * * *
The Pit Fiend hits you but does no damage.
The minotaur zombie hits you!
* * * LOW HITPOINT WARNING * * *
You block the minotaur zombie's attack.
The Pit Fiend hits you but does no damage.
You block the Pit Fiend's attack. The Pit Fiend hits you.
You die...

Vault maps used:
D:1:      normal: roderic_dead_forest
D:3:      normal: overflow_temple_1_default, uniq_terence extra: first_bread
D:4:      normal: uniq_iyjb
D:5:      normal: serial_gnoll_camp, gnoll_camp_mini_hut, gnoll_camp_huts_basic,
          gnoll_camp_medium_01, gnoll_camp_mini_house, uniq_pikel extra:
          basic_altar
D:6:      normal: portal_sewer_entry_e, enter_ossuary_2,
          minmay_temple_entry_secret_door
D:7:      normal: trog_book extra: the_bakery, minivault_1
D:8:      normal: hiddenorc1_lemuel
D:9:      normal: overflow_temple_1_default, nemelex_xobeh_ov_fountains_minmay,
          special_room, uniq_grum extra: serial_shops, shop
D:10:     normal: enter_bailey_5, serial_undead, cheibriados_altar_1,
          uniq_harold extra: serial_undead_f, serial_undead_a, serial_undead_c,
          serial_undead_b, serial_undead_c
D:11:     normal: lair_0_dummy, uniq_maurice
D:12:     normal: bzr_entry_003 extra: trap_monster_doors_1, serial_shops
D:13:     normal: uniq_josephine, uniq_urug
D:14:     normal: hourglass_vault, uniq_nessos
D:15:     normal: special_room, uniq_jozef, uniq_maud, uniq_roxanne, uniq_louise
          extra: serial_shops, shop
D:16:     normal: forest_paths extra: minmay_splitting_lines
D:17:     extra: serial_shops, shop, shop, shop,
          corexii_mini_fake_secret_closet, hex_intersection
D:18:     normal: vaults_0_dummy, uniq_frances, uniq_mara, uniq_aizul
Temple:   normal: circular_temple_12
Orc:1:    extra: basic_altar
Orc:2:    normal: minmay_orc_temple_a
Orc:3:    extra: basic_altar
Orc:4:    normal: st_orc_mages
Elf:1:    normal: elf_arrival_001, uniq_erolcha, uniq_sonja, uniq_psyche extra:
          statue_in_the_mist_lemuel
Lair:3:   normal: portal_ice_cave_entry_imps, minmay_lair_oklob_bushes_small,
          minmay_swamp_entry_swarm
Lair:4:   extra: serial_bayou_ford_a
Lair:5:   normal: minmay_shoals_entry_sharks
Lair:7:   normal: slime_dummy
Lair:8:   normal: evil_forest
Swamp:1:  extra: swamp_pool1
Shoals:1: normal: uniq_norris extra: serial_shops, shop_statue
Portal    vault maps: ossuary_tomb_3, bailey_axe_2, ice_cave_small_demon,
          bazaar_lake

Notes
Turn   | Place    | Note
--------------------------------------------------------------
     0 | D:1      | Jyazen, the Naga Gladiator, began the quest for the Orb.
     0 | D:1      | Reached XP level 1. HP: 20/20 MP: 0/0
   166 | D:1      | Reached skill level 1 in Stealth
   328 | D:1      | Reached XP level 2. HP: 27/27 MP: 1/1
   586 | D:1      | Reached skill level 1 in Shields
   832 | D:2      | Reached skill level 1 in Armour
   952 | D:2      | Noticed a sky beast
   970 | D:2      | Killed a sky beast
   970 | D:2      | Reached skill level 3 in Fighting
   970 | D:2      | Reached skill level 2 in Stealth
   970 | D:2      | Reached XP level 3. HP: 23/34 MP: 2/2
   970 | D:2      | Reached XP level 4. HP: 28/42 MP: 3/3
  1105 | D:2      | Reached XP level 5. HP: 48/48 MP: 4/4
  1142 | D:2      | Reached skill level 4 in Maces & Flails
  1740 | D:3      | Noticed an ogre
  1745 | D:3      | Killed an ogre
  1745 | D:3      | Reached skill level 2 in Armour
  1745 | D:3      | Reached skill level 3 in Stealth
  1883 | D:3      | Noticed a scorpion
  1889 | D:3      | Killed a scorpion
  1889 | D:3      | Reached skill level 3 in Unarmed Combat
  1889 | D:3      | Reached XP level 6. HP: 45/56 MP: 5/5
  1950 | D:3      | Found a snail-covered altar of Cheibriados.
  1954 | D:3      | Became a worshipper of Cheibriados the Contemplative
  2171 | D:3      | Noticed an orc wizard
  2186 | D:3      | Killed an orc wizard
  2513 | D:3      | Reached skill level 4 in Fighting
  2516 | D:3      | Acquired Cheibriados's first power
  2544 | D:3      | Noticed Terence
  2554 | D:3      | Killed Terence
  2721 | D:4      | Noticed a worker ant zombie
  2728 | D:4      | Killed a worker ant zombie
  2943 | D:4      | Noticed Ijyb
  2950 | D:4      | Killed Ijyb
  3344 | D:5      | Entered Level 5 of the Dungeon
  3435 | D:5      | Reached skill level 1 in Invocations
  3435 | D:5      | Reached XP level 7. HP: 63/63 MP: 5/7
  3459 | D:5      | Reached skill level 4 in Stealth
  3491 | D:5      | Reached skill level 5 in Maces & Flails
  3543 | D:5      | Reached skill level 3 in Armour
  3543 | D:5      | Reached skill level 2 in Invocations
  3659 | D:5      | Acquired Cheibriados's second power
  3697 | D:5      | Noticed Pikel
  3704 | D:5      | Killed Pikel
  3704 | D:5      | Reached skill level 5 in Fighting
  3704 | D:5      | Reached skill level 5 in Stealth
  3704 | D:5      | Reached skill level 3 in Invocations
  3704 | D:5      | Reached XP level 8. HP: 55/73 MP: 9/11
  3726 | D:5      | Your ally freed slave died
  4053 | D:5      | Reached skill level 6 in Maces & Flails
  4060 | D:5      | Reached skill level 4 in Invocations
  4060 | D:5      | Reached XP level 9. HP: 47/80 MP: 14/14
  4320 | D:5      | Reached skill level 4 in Armour
  4320 | D:5      | Reached skill level 6 in Stealth
  4356 | D:5      | Found a deep blue altar of Sif Muna.
  4513 | D:5      | Acquired Cheibriados's third power
  4533 | D:5      | Reached skill level 2 in Shields
  4801 | D:6      | Found a sand-covered staircase. 4807
                  | ossuary
                  | Entered a tomb 4963
                  | ossuary
                  | Acquired Cheibriados's fourth power
  5286 | D:6      | Reached skill level 5 in Invocations
  5333 | D:6      | Reached skill level 6 in Fighting
  5601 | D:6      | Found a staircase to the Ecumenical Temple.
  5934 | Temple   | Entered the Ecumenical Temple
  6813 | D:7      | Found a bloodstained altar of Trog.
  6947 | D:7      | Reached skill level 1 in Stabbing
  7175 | D:7      | Reached skill level 7 in Stealth
  7361 | D:7      | Reached skill level 1 in Traps & Doors
  7487 | D:7      | Reached skill level 7 in Maces & Flails
  7487 | D:7      | Reached skill level 6 in Invocations
  7625 | D:7      | Reached skill level 5 in Armour
  7736 | D:8      | Reached skill level 2 in Stabbing
  7744 | D:8      | Reached XP level 10. HP: 86/90 MP: 18/18
  8675 | D:9      | Noticed Grum
  8676 | D:9      | Reached skill level 7 in Fighting
  8676 | D:9      | Reached skill level 3 in Shields
  8676 | D:9      | Reached skill level 3 in Stabbing
  8679 | D:9      | Killed Grum
  8679 | D:9      | Reached skill level 2 in Traps & Doors
  8816 | D:9      | Found a basalt altar of Yredelemnul.
  8847 | D:9      | Found Strihiobi's Antique Weapon Shop.
  8860 | D:9      | Noticed a trapdoor spider
  8867 | D:9      | Killed a trapdoor spider
  9110 | D:9      | Reached skill level 8 in Stealth
  9168 | D:9      | Noticed syranez's ghost (experienced HOBe)
  9192 | D:9      | Killed syranez's ghost
  9192 | D:9      | Reached skill level 7 in Invocations
  9253 | D:9      | Reached skill level 8 in Maces & Flails
  9253 | D:9      | Reached skill level 4 in Stabbing
  9253 | D:9      | Reached XP level 11. HP: 60/98 MP: 14/20
  9261 | D:9      | Reached skill level 8 in Fighting
  9441 | D:9      | Reached skill level 6 in Armour
  9463 | D:9      | Found a sparkling altar of Nemelex Xobeh.
  9679 | D:9      | Noticed a hill giant
  9692 | D:9      | Killed a hill giant
  9766 | D:10     | Entered Level 10 of the Dungeon
  9780 | D:10     | Reached skill level 3 in Traps & Doors
  9781 | D:10     | Found a snail-covered altar of Cheibriados.
 10081 | D:10     | Noticed a cyclops zombie
 10098 | D:10     | Killed a cyclops zombie
 10125 | D:10     | Found a flagged portal. 10144
                  | bailey
                  | Entered the bailey 10214
                  | bailey
                  | Reached skill level 9 in Stealth 10358
                  | bailey
                  | Noticed arglypuff's ghost (experienced TrTm) 10550
                  | bailey
                  | Killed arglypuff's ghost 10550
                  | bailey
                  | Reached skill level 5 in Stabbing 10550
                  | bailey
                  | Reached skill level 8 in Invocations
 11105 | D:10     | Got a crude trident
 11106 | D:10     | Identified the trident "Phe Pem" {flame, rC+} (You found it on level 10 of the Dungeon)
 11206 | D:10     | Reached skill level 1 in Polearms
 11242 | D:10     | Noticed Harold
 11254 | D:10     | Killed Harold
 11254 | D:10     | Reached skill level 4 in Shields
 11465 | D:11     | Reached skill level 2 in Polearms
 11937 | D:11     | Found a staircase to the Lair.
 12044 | D:11     | Reached skill level 4 in Traps & Doors
 12049 | D:11     | Noticed Maurice
 12060 | D:11     | Killed Maurice
 12060 | D:11     | Reached skill level 9 in Fighting
 12060 | D:11     | Reached skill level 3 in Polearms
 12060 | D:11     | Reached skill level 10 in Stealth
 12324 | D:11     | Reached skill level 6 in Stabbing
 12519 | D:11     | Reached skill level 7 in Armour
 12523 | D:11     | Reached XP level 12. HP: 58/109 MP: 23/23
 12782 | D:11     | Reached skill level 9 in Invocations
 13012 | D:10     | Reached skill level 4 in Polearms
 14102 | D:8      | Found a staircase to the Orcish Mines.
 14119 | Orc:1    | Entered Level 1 of the Orcish Mines
 14965 | Orc:2    | Found a roughly hewn altar of Beogh.
 15870 | Orc:4    | Entered Level 4 of the Orcish Mines
 15872 | Orc:4    | Noticed a two-headed ogre
 15878 | Orc:4    | Killed a two-headed ogre
 15883 | Orc:4    | Found a staircase to the Elven Halls.
 16239 | Orc:4    | Noticed an orc high priest
 16246 | Orc:4    | Killed an orc high priest
 16284 | Orc:4    | Noticed an orc high priest
 16286 | Orc:4    | Noticed an orc high priest
 16287 | Orc:4    | Noticed an orc high priest
 16288 | Orc:4    | Reached skill level 5 in Polearms
 16288 | Orc:4    | Reached skill level 7 in Stabbing
 16288 | Orc:4    | Reached skill level 5 in Traps & Doors
 16288 | Orc:4    | Reached skill level 10 in Invocations
 16288 | Orc:4    | Killed an orc high priest
 16288 | Orc:4    | Reached skill level 11 in Stealth
 16288 | Orc:4    | Reached skill level 5 in Shields
 16292 | Orc:4    | Killed an orc high priest
 16295 | Orc:4    | Killed an orc high priest
 16295 | Orc:4    | Reached skill level 10 in Fighting
 16306 | Orc:4    | Found Haadu's Antique Armour Boutique.
 16306 | Orc:4    | Found Utin's Antique Weapon Boutique.
 16311 | Orc:4    | Found Dethretz's Book Shop.
 16387 | Orc:4    | Reached skill level 8 in Armour
 16534 | Orc:4    | Found Imeocles' General Store.
 16981 | Orc:4    | Bought a smoking plate armour for 728 gold pieces
 16985 | Orc:4    | Identified the +4 plate armour of the Forest (You bought it in a shop on level 4 of the Orcish Mines)
 17190 | Orc:4    | Noticed a cyclops
 17203 | Orc:4    | Killed a cyclops
 17453 | Orc:4    | Noticed an ettin
 17464 | Orc:4    | Killed an ettin
 17464 | Orc:4    | Reached XP level 13. HP: 42/118 MP: 15/26
 18567 | Orc:4    | Paralysed by a potion of paralysis for 2 turns
 18570 | Orc:4    | Reached skill level 11 in Fighting
 18570 | Orc:4    | Reached skill level 9 in Armour
 18570 | Orc:4    | Reached skill level 3 in Evocations
 18570 | Orc:4    | Reached XP level 14. HP: 125/129 MP: 26/27
 18618 | Elf:1    | Entered Level 1 of the Elven Halls
 18618 | Elf:1    | Noticed Erolcha
 18626 | Elf:1    | Killed Erolcha
 18626 | Elf:1    | Reached skill level 6 in Polearms
 19180 | Elf:2    | Reached skill level 8 in Stabbing
 19235 | Elf:2    | Noticed an orc knight
 19244 | Elf:2    | Killed an orc knight
 19253 | Elf:2    | Gained mutation: Your magical capacity is low (-10% MP).
 19429 | Elf:1    | Noticed Psyche
 19429 | Elf:1    | Reached skill level 11 in Invocations
 19432 | Elf:1    | Killed Psyche
 19432 | Elf:1    | Reached skill level 6 in Traps & Doors
 20014 | Elf:1    | Noticed Sonja
 20019 | Elf:1    | Killed Sonja
 20787 | Lair:1   | Entered Level 1 of the Lair of Beasts
 20948 | Lair:1   | Reached skill level 1 in Short Blades
 21606 | Lair:2   | Reached skill level 12 in Stealth
 21606 | Lair:2   | Reached skill level 1 in Spellcasting
 22045 | Lair:2   | Reached skill level 2 in Short Blades
 22847 | Lair:3   | Found a frozen archway.
 22882 | IceCv    | Entered an ice cave
 22893 | IceCv    | Killed CarbonBasedLifeform's ghost
 23041 | IceCv    | Noticed ClawlessVictory's ghost (powerful HOPr)
 23844 | Lair:3   | Found a staircase to the Swamp.
 23847 | Lair:3   | Reached skill level 6 in Shields
 24788 | Lair:4   | Got a transparent chain mail
 24819 | Lair:4   | Identified the +2 chain mail of Haygaem (You found it on level 4 of the Lair of Beasts)
 24832 | Lair:4   | Noticed PaulusMax's ghost (powerful CeHu)
 24853 | Lair:4   | Killed PaulusMax's ghost
 24935 | Lair:4   | Reached skill level 12 in Fighting
 25152 | Lair:4   | Reached skill level 3 in Short Blades
 26002 | Lair:5   | Noticed a redback
 26009 | Lair:5   | Killed a redback
 26015 | Lair:5   | Reached skill level 2 in Spellcasting
 26067 | Lair:5   | Reached skill level 10 in Armour
 26152 | Lair:5   | Got a heavily runed leather armour
 26232 | Lair:5   | Found a staircase to the Shoals.
 26287 | Shoals:1 | Entered Level 1 of the Shoals
 26823 | Lair:6   | Reached skill level 4 in Short Blades
 27378 | Lair:7   | Found a staircase to the Slime Pits.
 27601 | Lair:7   | Identified the +3 leather armour of Amelioration (You found it on level 5 of the Lair of Beasts)
 27676 | Lair:7   | Reached XP level 15. HP: 131/139 MP: 25/25
 27717 | Slime:1  | Entered Level 1 of the Pits of Slime
 27776 | Lair:8   | Entered Level 8 of the Lair of Beasts
 27868 | Lair:8   | Reached skill level 7 in Traps & Doors
 27872 | Lair:8   | Reached skill level 5 in Short Blades
 28217 | Lair:8   | Reached skill level 13 in Stealth
 28217 | Lair:8   | Reached skill level 7 in Shields
 28752 | Lair:8   | Noticed a spiny worm
 29193 | Lair:8   | Killed a spiny worm
 29310 | Lair:8   | Paralysed by a crazed wizard for 3 turns
 29323 | Lair:8   | Found a burning altar of Makhleb.
 29327 | Lair:8   | Reached skill level 3 in Spellcasting
 29334 | Lair:8   | Found a gateway to Hell.
 29950 | Lair:8   | Reached skill level 13 in Fighting
 29950 | Lair:8   | Reached skill level 6 in Short Blades
 30568 | Swamp:1  | Entered Level 1 of the Swamp
 30794 | D:12     | Noticed a purple ugly thing
 30798 | D:12     | Killed a purple ugly thing
 31319 | D:12     | Found a gateway to a bazaar. 31333
                  | bazaar
                  | Entered a bazaar 31333
                  | bazaar
                  | Found Zoitiwya's General Store. 31333
                  | bazaar
                  | Found Hatiuj's Magical Wand Shop. 31365
                  | bazaar
                  | Found Wiofiz's Magic Scroll Boutique. 31371
                  | bazaar
                  | Found Ageibiac's Antique Weapon Boutique. 31382
                  | bazaar
                  | Found Iseis' Antique Armour Emporium. 31408
                  | bazaar
                  | Bought a scroll of silence for 52 gold pieces 31408
                  | bazaar
                  | Bought a scroll of identify for 14 gold pieces 31408
                  | bazaar
                  | Bought a scroll of enchant weapon I for 38 gold pieces 31408
                  | bazaar
                  | Bought a scroll of recharging for 38 gold pieces 31408
                  | bazaar
                  | Bought a scroll of identify for 14 gold pieces 31408
                  | bazaar
                  | Bought a scroll of remove curse for 21 gold pieces 31408
                  | bazaar
                  | Bought a scroll of amnesia for 38 gold pieces
 31811 | D:13     | Noticed Urug
 31813 | D:13     | Noticed a cyclops skeleton
 31823 | D:13     | Reached skill level 14 in Stealth
 31828 | D:13     | Banished a cyclops skeleton
 31835 | D:13     | Noticed Josephine
 31840 | D:13     | Killed Urug
 31847 | D:13     | Noticed a hill giant skeleton
 31860 | D:13     | Killed a hill giant skeleton
 31891 | D:13     | Killed Josephine
 32347 | D:14     | Entered Level 14 of the Dungeon
 32618 | D:14     | Noticed Nessos
 32619 | D:14     | Killed Nessos
 32626 | D:14     | Reached skill level 7 in Short Blades
 32643 | D:14     | Reached skill level 11 in Armour
 33074 | D:14     | Noticed a stone giant
 33075 | D:14     | Noticed a yaktaur
 33080 | D:14     | Killed a yaktaur
 33081 | D:14     | Reached skill level 8 in Shields
 33081 | D:14     | Reached XP level 16. HP: 91/151 MP: 20/26
 33096 | D:14     | Killed a stone giant
 34394 | D:15     | Entered Level 15 of the Dungeon
 34442 | D:15     | Reached skill level 8 in Traps & Doors
 34495 | D:15     | Noticed a queen bee
 34509 | D:15     | Killed a queen bee
 34509 | D:15     | Reached skill level 14 in Fighting
 35170 | D:15     | Noticed Louise
 35181 | D:15     | Banished Louise
 35219 | D:15     | Noticed Maud
 35241 | D:15     | Killed Maud
 35321 | D:15     | Noticed Jozef
 35330 | D:15     | Banished Jozef
 35351 | D:15     | Found Stife's Antique Armour Shop.
 35365 | D:15     | Bought a heavily runed helmet for 217 gold pieces
 35365 | D:15     | Bought a warped crystal plate armour for 1595 gold pieces
 35366 | D:15     | Identified the +2 helmet "Carhuopt" (You bought it in a shop on level 15 of the Dungeon)
 35367 | D:15     | Identified the cursed +7 crystal plate armour of Trog's Hope (You bought it in a shop on level 15 of the Dungeon)
 35514 | D:15     | Noticed Roxanne
 35522 | D:15     | Banished Roxanne
 35764 | D:16     | Reached skill level 8 in Short Blades
 36031 | D:16     | HP: 6/153 [cloud of flame (18)]
 36629 | D:16     | Reached skill level 15 in Fighting
 36846 | D:16     | Reached skill level 9 in Shields
 36940 | D:16     | Reached skill level 15 in Stealth
 37157 | D:17     | Found Toor's General Store.
 37192 | D:17     | Bought a potion of curing for 36 gold pieces
 37192 | D:17     | Bought a potion of invisibility for 99 gold pieces
 37192 | D:17     | Bought a bread ration for 72 gold pieces
 37192 | D:17     | Bought a meat ration for 72 gold pieces
 37277 | D:17     | Found Meudil's Weapon Shoppe.
 37614 | D:17     | Found Wionk's General Store.
 38009 | D:18     | Reached XP level 17. HP: 161/163 MP: 27/27
 38368 | D:18     | Noticed Mara
 38389 | D:18     | Noticed Jyazen's illusion
 38399 | D:18     | Cast into the Abyss (Jyazen's illusion)
 38399 | Abyss    | Entered The Abyss
 38426 | Abyss    | Gained mutation: You occasionally shout uncontrollably.
 38440 | Abyss    | Reached skill level 1 in Long Blades
 38521 | Abyss    | Reached skill level 2 in Long Blades
 38624 | Abyss    | Noticed a Pit Fiend
 38638 | Abyss    | HP: 12/163 [Pit Fiend/torment (8)]
 38640 | Abyss    | HP: 2/163 [minotaur zombie (7)]
 38641 | Abyss    | Slain by a Pit Fiend

Vanquished Creatures
  Monster Symbol All ';'
  3 sharks
  3 giant goldfish
  A lava fish (Abyss)
  2 electric eels
  10 big fish
19 creatures vanquished. All '@' Maud (D:15) A wizard (Lair:8) Harold (D:10) Josephine (D:13) Maurice (D:11) Psyche (Elf:1) 2 slaves (D:5) 3 humans (D:12) Terence (D:3)
12 creatures vanquished. All '3' 2 sun demons A soul eater (Elf:1) 4 smoke demons 2 ynoxinuls A neqoxec (Elf:2)
10 creatures vanquished. All '4' 2 sixfirhies 2 orange demons 6 hellwings (Lair:8) 3 blue devils (Port) 4 hairy devils A red devil (Orc:4) 3 rotting devils
21 creatures vanquished. All '5' 9 crimson imps 4 iron imps 2 lemures 6 midges 19 white imps 21 ufetubi
61 creatures vanquished. All '8' A stone golem (D:17)
1 creature vanquished. All 'a' 3 soldier ants 10 worker ants
13 creatures vanquished. All 'b' 34 bats
34 creatures vanquished. All 'B' A boring beetle (Lair:8) A boulder beetle (Lair:8)
2 creatures vanquished. All 'c' Nessos (D:14) 2 centaur warriors A yaktaur (D:14) 21 centaurs
25 creatures vanquished. All 'C' A stone giant (D:14) An ettin (Orc:4) 7 hill giants 2 cyclopes
11 creatures vanquished. All 'D' 6 hydras A steam dragon (D:14) 3 wyverns A mottled dragon (D:15)
11 creatures vanquished. All 'e' 4 deep elf knights 4 deep elf conjurers (Elf:1) 6 deep elf fighters 6 deep elf summoners An elf (shapeshifter) (D:16) 11 deep elf magi 14 deep elf soldiers
46 creatures vanquished. All 'f' 2 fungi 40 toadstools
42 creatures vanquished. All 'F' 7 spiny frogs 3 blink frogs (Lair:5) 14 giant frogs
24 creatures vanquished. All 'g' Grum (D:9) 4 gnoll sergeants (D:5) 2 gnoll shamans (D:5) Ijyb (D:4) 27 gnolls 30 hobgoblins 36 goblins
101 creatures vanquished. All 'G' An eye of draining (D:14)
1 creature vanquished. All 'h' 23 war dogs A warg (Orc:4) 5 wolves (D:16) 16 hounds 23 jackals
68 creatures vanquished. All 'i' 3 spriggan druids (D:16) 18 spriggans
21 creatures vanquished. All 'j' 2 giant slugs 4 agate snails
6 creatures vanquished. All 'J' 18 slime creatures 7 jellies
25 creatures vanquished. All 'k' A queen bee (D:15) 3 giant fireflies (D:16) 55 killer bees
59 creatures vanquished. All 'K' Pikel (D:5) Sonja (Elf:1) 28 kobolds
30 creatures vanquished. All 'l' 4 komodo dragons A basilisk (Lair:4) A fire drake (Lair:3) 10 iguanas 11 giant geckos 8 giant newts
35 creatures vanquished. All 'M' 12 mummies
12 creatures vanquished. All 'n' 6 necrophages
6 creatures vanquished. All 'o' 4 orc high priests (Orc:4) An orc knight (Elf:2) Urug (D:13) 5 orc sorcerers 28 orc warriors 34 orc priests 51 orc wizards 235 orcs
359 creatures vanquished. All 'O' Erolcha (Elf:1) 4 two-headed ogres 15 ogres
20 creatures vanquished. All 'p' The ghost of PaulusMax the Spear-Bearer, a powerful CeHu of Okawaru (Lair:4) The ghost of syranez the Cleaver, an experienced HOBe of Trog (D:9) The ghost of arglypuff the Ruffian, an experienced TrTm of Okawaru (Port) 2 hungry ghosts A phantom (D:12) 3 shadows
9 creatures vanquished. All 'Q' 10 hippogriffs
10 creatures vanquished. All 'r' An orange rat (Elf:2) 8 porcupines 48 green rats 2 grey rats (Elf:2) 9 quokkas 33 rats
101 creatures vanquished. All 'R' A rakshasa (D:14) 11 illusory rakshasas
12 creatures vanquished. All 's' A trapdoor spider (D:9) A wolf spider (D:18) A redback (Lair:5) 3 scorpions 2 giant centipedes 5 giant mites 6 giant cockroaches
19 creatures vanquished. All 'S' 4 black mambas 12 water moccasins 21 adders 3 ball pythons
40 creatures vanquished. All 't' A fire crab (shapeshifter) (D:16) 6 crocodiles
7 creatures vanquished. All 'T' 5 trolls
5 creatures vanquished. All 'u' 6 ugly things
6 creatures vanquished. All 'U' A polar bear (Lair:8) A grizzly bear (D:16) 7 black bears (D:16)
9 creatures vanquished. All 'w' A spiny worm (Lair:8) A rock worm (D:17) 7 worms
9 creatures vanquished. All 'W' 2 wraiths
2 creatures vanquished. All 'x' 2 unseen horrors An item mimic (D:11)
3 creatures vanquished. All 'X' 3 large abominations (Abyss)
3 creatures vanquished. All 'y' 18 vampire mosquitoes 2 yellow wasps
20 creatures vanquished. All 'Y' A death yak (Lair:8) 8 elephants 34 yaks An ice beast (D:5) 4 sky beasts 21 sheep
69 creatures vanquished. All 'z' A skeletal warrior (D:16) A blink frog skeleton (D:17) A fire crab zombie (D:17) A basilisk zombie (D:17) A water moccasin skeleton (D:8) A basilisk skeleton (D:13) 8 wights 2 big kobold skeletons A big kobold zombie (Port) A hound zombie (D:8) A worker ant zombie (D:4) An adder zombie (D:10) A giant centipede zombie (D:17) A gnoll zombie (Port) A giant gecko skeleton (D:4) A hobgoblin skeleton (D:6) A hobgoblin zombie (Port) A kobold skeleton (D:5) 4 kobold zombies (Port) An orc skeleton (D:5) 12 orc zombies A quokka zombie (D:7)
44 creatures vanquished. All 'Z' An iron troll zombie (Abyss) A dragon zombie (D:15) A hill giant skeleton (D:13) A yaktaur skeleton (D:14) A cyclops zombie (D:10) 2 troll skeletons
7 creatures vanquished.
1450 creatures vanquished. Monster Nature Uniques Maud (D:15) Harold (D:10) Josephine (D:13) Nessos (D:14) Erolcha (Elf:1) Pikel (D:5) Urug (D:13) Maurice (D:11) Psyche (Elf:1) Sonja (Elf:1) Grum (D:9) Ijyb (D:4) Terence (D:3)
13 creatures vanquished. Natural Monsters A stone giant (D:14) An ettin (Orc:4) A wizard (Lair:8) 6 hydras A death yak (Lair:8) 3 spriggan druids (D:16) 4 orc high priests (Orc:4) 2 centaur warriors 4 deep elf knights 7 hill giants 2 unseen horrors An orc knight (Elf:2) 5 orc sorcerers 2 cyclopes A spiny worm (Lair:8) A fire crab (shapeshifter) (D:16) 8 elephants 18 slime creatures 4 black mambas A trapdoor spider (D:9) A wolf spider (D:18) A yaktaur (D:14) 7 spiny frogs A redback (Lair:5) 6 ugly things A queen bee (D:15) 5 trolls 18 spriggans 4 komodo dragons A polar bear (Lair:8) 4 two-headed ogres 3 giant fireflies (D:16) A grizzly bear (D:16) 3 blink frogs (Lair:5) A basilisk (Lair:4) 34 yaks 4 deep elf conjurers (Elf:1) 3 sharks A steam dragon (D:14) 3 wyverns 10 hippogriffs 6 deep elf fighters 3 soldier ants 23 war dogs 6 deep elf summoners A fire drake (Lair:3) A rock worm (D:17) 4 gnoll sergeants (D:5) 28 orc warriors A mottled dragon (D:15) An ice beast (D:5) 4 sky beasts 2 slaves (D:5) 7 black bears (D:16) 2 yellow wasps 21 centaurs 6 crocodiles 3 giant goldfish An elf (shapeshifter) (D:16) A boring beetle (Lair:8) A warg (Orc:4) 11 deep elf magi 15 ogres 5 wolves (D:16) 14 giant frogs 2 giant slugs 4 agate snails 3 humans (D:12) 12 water moccasins An eye of draining (D:14) A boulder beetle (Lair:8) 55 killer bees A lava fish (Abyss) 2 electric eels 34 orc priests 2 gnoll shamans (D:5) 10 big fish 16 hounds 10 iguanas 14 deep elf soldiers 51 orc wizards An orange rat (Elf:2) 10 worker ants 3 scorpions 21 sheep 8 porcupines 7 jellies 27 gnolls 2 giant centipedes 5 giant mites 21 adders 48 green rats 7 worms 2 grey rats (Elf:2) 11 giant geckos 235 orcs 3 ball pythons 6 giant cockroaches 30 hobgoblins 28 kobolds 9 quokkas 34 bats 8 giant newts 36 goblins 23 jackals 33 rats
1188 creatures vanquished. Non-Living Monsters A stone golem (D:17) An item mimic (D:11)
2 creatures vanquished. Undead Monsters The ghost of PaulusMax the Spear-Bearer, a powerful CeHu of Okawaru (Lair:4) The ghost of syranez the Cleaver, an experienced HOBe of Trog (D:9) A skeletal warrior (D:16) 3 large abominations (Abyss) The ghost of arglypuff the Ruffian, an experienced TrTm of Okawaru (Port) An iron troll zombie (Abyss) A dragon zombie (D:15) A hill giant skeleton (D:13) 2 wraiths 2 hungry ghosts A blink frog skeleton (D:17) A fire crab zombie (D:17) 18 vampire mosquitoes A yaktaur skeleton (D:14) A cyclops zombie (D:10) 6 necrophages A phantom (D:12) 2 troll skeletons A basilisk zombie (D:17) A water moccasin skeleton (D:8) A basilisk skeleton (D:13) 8 wights 2 big kobold skeletons A big kobold zombie (Port) A hound zombie (D:8) 3 shadows A worker ant zombie (D:4) 12 mummies An adder zombie (D:10) A giant centipede zombie (D:17) A gnoll zombie (Port) A giant gecko skeleton (D:4) A hobgoblin skeleton (D:6) A hobgoblin zombie (Port) A kobold skeleton (D:5) 4 kobold zombies (Port) An orc skeleton (D:5) 12 orc zombies A quokka zombie (D:7)
101 creatures vanquished. Demonic Monsters A rakshasa (D:14) 2 sun demons A soul eater (Elf:1) 2 sixfirhies 2 orange demons 4 smoke demons 6 hellwings (Lair:8) 3 blue devils (Port) 4 hairy devils 2 ynoxinuls A neqoxec (Elf:2) A red devil (Orc:4) 3 rotting devils 9 crimson imps 4 iron imps 2 lemures 6 midges 19 white imps 21 ufetubi 11 illusory rakshasas
104 creatures vanquished. Plants 2 fungi 40 toadstools
42 creatures vanquished.
1450 creatures vanquished. Ascending Order Maud (D:15) A stone giant (D:14) An ettin (Orc:4) The ghost of PaulusMax the Spear-Bearer, a powerful CeHu of Okawaru (Lair:4) A wizard (Lair:8) Harold (D:10) Josephine (D:13) Nessos (D:14) A rakshasa (D:14) The ghost of syranez the Cleaver, an experienced HOBe of Trog (D:9) A death yak (Lair:8) A soul eater (Elf:1) A skeletal warrior (D:16) Erolcha (Elf:1) Pikel (D:5) The ghost of arglypuff the Ruffian, an experienced TrTm of Okawaru (Port) An iron troll zombie (Abyss) An orc knight (Elf:2) Urug (D:13) A dragon zombie (D:15) Maurice (D:11) A stone golem (D:17) A spiny worm (Lair:8) A fire crab (shapeshifter) (D:16) A trapdoor spider (D:9) A wolf spider (D:18) A yaktaur (D:14) Psyche (Elf:1) A redback (Lair:5) A queen bee (D:15) Sonja (Elf:1) A hill giant skeleton (D:13) A polar bear (Lair:8) A grizzly bear (D:16) A basilisk (Lair:4) Grum (D:9) A blink frog skeleton (D:17) A steam dragon (D:14) A fire crab zombie (D:17) A neqoxec (Elf:2) A fire drake (Lair:3) A yaktaur skeleton (D:14) A rock worm (D:17) An item mimic (D:11) A cyclops zombie (D:10) A red devil (Orc:4) A mottled dragon (D:15) An ice beast (D:5) A phantom (D:12) An elf (shapeshifter) (D:16) A warg (Orc:4) A boring beetle (Lair:8) A basilisk zombie (D:17) A water moccasin skeleton (D:8) A basilisk skeleton (D:13) An eye of draining (D:14) A boulder beetle (Lair:8) A lava fish (Abyss) A big kobold zombie (Port) A hound zombie (D:8) An orange rat (Elf:2) A worker ant zombie (D:4) Ijyb (D:4) Terence (D:3) An adder zombie (D:10) A giant centipede zombie (D:17) A gnoll zombie (Port) A kobold skeleton (D:5) A hobgoblin zombie (Port) A quokka zombie (D:7) A hobgoblin skeleton (D:6) A giant gecko skeleton (D:4) An orc skeleton (D:5) 2 sun demons 2 centaur warriors 2 unseen horrors 2 sixfirhies 2 cyclopes 2 orange demons 2 wraiths 2 hungry ghosts 2 ynoxinuls 2 slaves (D:5) 2 yellow wasps 2 troll skeletons 2 giant slugs 2 big kobold skeletons 2 electric eels 2 gnoll shamans (D:5) 2 lemures 2 giant centipedes 2 grey rats (Elf:2) 2 fungi 3 spriggan druids (D:16) 3 large abominations (Abyss) 3 giant fireflies (D:16) 3 blink frogs (Lair:5) 3 blue devils (Port) 3 sharks 3 wyverns 3 soldier ants 3 giant goldfish 3 rotting devils 3 humans (D:12) 3 shadows 3 scorpions 3 ball pythons 4 orc high priests (Orc:4) 4 deep elf knights 4 black mambas 4 smoke demons 4 komodo dragons 4 two-headed ogres 4 hairy devils 4 deep elf conjurers (Elf:1) 4 gnoll sergeants (D:5) 4 sky beasts 4 agate snails 4 iron imps 4 kobold zombies (Port) 5 orc sorcerers 5 trolls 5 wolves (D:16) 5 giant mites 6 hydras 6 hellwings (Lair:8) 6 ugly things 6 deep elf fighters 6 deep elf summoners 6 necrophages 6 crocodiles 6 midges 6 giant cockroaches 7 hill giants 7 spiny frogs 7 black bears (D:16) 7 jellies 7 worms 8 elephants 8 wights 8 porcupines 8 giant newts 9 crimson imps 9 quokkas 10 hippogriffs 10 big fish 10 iguanas 10 worker ants 11 deep elf magi 11 giant geckos 11 illusory rakshasas 12 water moccasins 12 mummies 12 orc zombies 14 giant frogs 14 deep elf soldiers 15 ogres 16 hounds 18 slime creatures 18 spriggans 18 vampire mosquitoes 19 white imps 21 centaurs 21 sheep 21 adders 21 ufetubi 23 war dogs 23 jackals 27 gnolls 28 orc warriors 28 kobolds 30 hobgoblins 33 rats 34 yaks 34 orc priests 34 bats 36 goblins 40 toadstools 48 green rats 51 orc wizards 55 killer bees 235 orcs
1450 creatures vanquished. The 3-digit Club 235 orcs
235 creatures vanquished. ----------------------------------------

Vanquished Creatures (collateral kills)
  Monster Symbol All 'B'
  A boring beetle (Lair:8)
1 creature vanquished. All 'h' A war dog (Lair:7)
1 creature vanquished.
2 creatures vanquished. Monster Nature Natural Monsters A war dog (Lair:7) A boring beetle (Lair:8)
2 creatures vanquished.
2 creatures vanquished. Ascending Order A war dog (Lair:7) A boring beetle (Lair:8)
2 creatures vanquished. ----------------------------------------

Vanquished Creatures (others)
  Monster Symbol All ';'
  A shark (Lair:5)
  A giant goldfish (Lair:4)
  A big fish (Lair:4)
3 creatures vanquished. All '@' A slave (D:5)
1 creature vanquished. All '3' An ice devil (Port)
1 creature vanquished. All '4' 4 blue devils (Port)
4 creatures vanquished. All '5' 2 white imps (Port) 4 ufetubi (Port)
6 creatures vanquished. All '8' 2 ice statues (Port)
2 creatures vanquished. All 'B' 2 goliath beetles
2 creatures vanquished. All 'c' A centaur warrior (D:14) 2 centaurs
3 creatures vanquished. All 'C' 2 hill giants A cyclops (D:15)
3 creatures vanquished. All 'D' 2 hydras
2 creatures vanquished. All 'e' 2 deep elf soldiers
2 creatures vanquished. All 'f' 21 fungi 190 toadstools
211 creatures vanquished. All 'F' A spiny frog (Lair:5) A giant frog (Lair:1)
2 creatures vanquished. All 'g' 2 hobgoblins
2 creatures vanquished. All 'h' 2 war dogs 2 hounds
4 creatures vanquished. All 'H' A manticore (D:13)
1 creature vanquished. All 'i' 2 spriggans (D:16)
2 creatures vanquished. All 'j' 2 agate snails (Lair:3)
2 creatures vanquished. All 'J' 8 slime creatures
8 creatures vanquished. All 'k' 2 killer bees
2 creatures vanquished. All 'K' A big kobold (D:12) 3 kobolds
4 creatures vanquished. All 'l' A komodo dragon (Lair:3) A giant newt (D:10)
2 creatures vanquished. All 'o' An orc priest (Orc:4) An orc wizard (D:11) 3 orcs
5 creatures vanquished. All 'p' The ghost of CarbonBasedLifeform the Arsonist, a powerful OpFE of Vehumet (Port) 2 hungry ghosts
3 creatures vanquished. All 'P' 10 plants
10 creatures vanquished. All 'Q' A griffon (Lair:6) A hippogriff (D:14)
2 creatures vanquished. All 'r' A porcupine (Lair:6) 2 green rats (Lair:8) 2 quokkas 3 rats
8 creatures vanquished. All 'R' An illusory Mara (D:18) A rakshasa (D:16)
2 creatures vanquished. All 's' 2 giant mites (Lair:5)
2 creatures vanquished. All 'S' A black mamba (Lair:4)
1 creature vanquished. All 'T' 2 trolls
2 creatures vanquished. All 'U' A grizzly bear (D:16)
1 creature vanquished. All 'w' A brain worm (D:17)
1 creature vanquished. All 'W' A wraith (D:17)
1 creature vanquished. All 'x' A small abomination (Lair:8)
1 creature vanquished. All 'y' A ghost moth (shapeshifter) (D:17)
1 creature vanquished. All 'Y' A dire elephant (Lair:8) 13 elephants 8 yaks 2 sheep
24 creatures vanquished. All 'z' A skeletal warrior (D:16) A blink frog skeleton (D:13) A wight (D:12) A big kobold skeleton (D:13) An adder zombie (D:17)
5 creatures vanquished. All 'Z' 2 cyclops skeletons
2 creatures vanquished.
340 creatures vanquished. Monster Nature Natural Monsters A ghost moth (shapeshifter) (D:17) A dire elephant (Lair:8) 2 hydras A centaur warrior (D:14) 2 hill giants A cyclops (D:15) A griffon (Lair:6) A spiny frog (Lair:5) A black mamba (Lair:4) 13 elephants 8 slime creatures A komodo dragon (Lair:3) 2 trolls 2 spriggans (D:16) A grizzly bear (D:16) A shark (Lair:5) 8 yaks A hippogriff (D:14) 2 war dogs A manticore (D:13) A slave (D:5) A giant goldfish (Lair:4) 2 centaurs A giant frog (Lair:1) A brain worm (D:17) A big kobold (D:12) 2 agate snails (Lair:3) 2 killer bees 2 goliath beetles A big fish (Lair:4) An orc priest (Orc:4) 2 hounds An orc wizard (D:11) A porcupine (Lair:6) 2 deep elf soldiers 2 sheep 2 green rats (Lair:8) 2 giant mites (Lair:5) 3 orcs 2 hobgoblins 3 kobolds 2 quokkas A giant newt (D:10) 3 rats
92 creatures vanquished. Non-Living Monsters 2 ice statues (Port)
2 creatures vanquished. Undead Monsters The ghost of CarbonBasedLifeform the Arsonist, a powerful OpFE of Vehumet (Port) A skeletal warrior (D:16) 2 hungry ghosts A blink frog skeleton (D:13) A wraith (D:17) A small abomination (Lair:8) 2 cyclops skeletons A wight (D:12) A big kobold skeleton (D:13) An adder zombie (D:17)
12 creatures vanquished. Demonic Monsters An illusory Mara (D:18) A rakshasa (D:16) An ice devil (Port) 4 blue devils (Port) 2 white imps (Port) 4 ufetubi (Port)
13 creatures vanquished. Plants 21 fungi 10 plants 190 toadstools
221 creatures vanquished.
340 creatures vanquished. Ascending Order An illusory Mara (D:18) A ghost moth (shapeshifter) (D:17) A dire elephant (Lair:8) The ghost of CarbonBasedLifeform the Arsonist, a powerful OpFE of Vehumet (Port) A rakshasa (D:16) A centaur warrior (D:14) A skeletal warrior (D:16) An ice devil (Port) A cyclops (D:15) A griffon (Lair:6) A spiny frog (Lair:5) A black mamba (Lair:4) A komodo dragon (Lair:3) A grizzly bear (D:16) A shark (Lair:5) A blink frog skeleton (D:13) A wraith (D:17) A hippogriff (D:14) A manticore (D:13) A slave (D:5) A small abomination (Lair:8) A giant goldfish (Lair:4) A giant frog (Lair:1) A brain worm (D:17) A big kobold (D:12) A wight (D:12) A big fish (Lair:4) A big kobold skeleton (D:13) An orc priest (Orc:4) An orc wizard (D:11) A porcupine (Lair:6) An adder zombie (D:17) A giant newt (D:10) 2 hydras 2 hill giants 2 ice statues (Port) 2 trolls 2 spriggans (D:16) 2 hungry ghosts 2 war dogs 2 cyclops skeletons 2 centaurs 2 agate snails (Lair:3) 2 killer bees 2 goliath beetles 2 hounds 2 deep elf soldiers 2 sheep 2 green rats (Lair:8) 2 white imps (Port) 2 giant mites (Lair:5) 2 quokkas 2 hobgoblins 3 orcs 3 kobolds 3 rats 4 blue devils (Port) 4 ufetubi (Port) 8 slime creatures 8 yaks 10 plants 13 elephants 21 fungi 190 toadstools
340 creatures vanquished. The 3-digit Club 190 toadstools
190 creatures vanquished. ----------------------------------------

Grand Total: 1792 creatures vanquished
